 Dungeon Crawl Stone Soup version 0.21.1-1-g345015f (webtiles) character file.

338 diana the Insei (level 6, -3/38 HPs)
             Began as an Octopode Transmuter on May 31, 2018.
             Was a Follower of Ashenzari.
             Splashed by a jelly's acid (4 damage)
             ... on level 5 of the Dungeon.
             The game lasted 00:11:57 (5161 turns).

diana the Insei (Octopode Transmuter)               Turns: 5161, Time: 00:11:58

Health: -3/38      AC: -3    Str: 10    XL:     6   Next: 55%
Magic:  8/9        EV: 10    Int: 16    God:    Ashenzari [*.....]
Gold:   120        SH:  6    Dex: 11    Spells: 8/9 levels left

rFire    . . .     SeeInvis .     - Unarmed
rCold    . . .     Gourm    .   d - +0 shield
rNeg     . . .     Faith    .   (helmet restricted)
rPois    .         Spirit   .   (no amulet)
rElec    .         Reflect  .   (no ring)
rCorr    .         Harm     .   (no ring)
MR       .....                  (no ring)
Stlth    ++........             (no ring)
HPRegen  0.12/turn              (no ring)
MPRegen  0.11/turn              (no ring)
                                (no ring)
                                (no ring)

@: appendage, corroded
A: almost no armour, stealthy swim, amphibious, 8 rings, constrict 8, tentacle
spike 3, camouflage 1, clumsy 1, sense surroundings 1, gelatinous body 1
a: End Transformation, Curse Item, Scrying, Renounce Religion


You were on level 5 of the Dungeon.
You worshipped Ashenzari.
Ashenzari was aware of your devotion.
You were hungry.
One of your tentacles had a temporary spike.
You visited 1 branch of the dungeon, and saw 5 of its levels.

You collected 120 gold pieces.

Inventory:

Missiles
 a - 24 arrows
Armour
 d - a +0 shield (worn)
Scrolls
 e - 2 scrolls of enchant weapon
 f - 2 scrolls of remove curse
 g - a scroll of enchant armour
 h - a scroll of identify
 j - a scroll of immolation
 m - a scroll of amnesia
 o - 2 scrolls of noise
Potions
 l - a potion of flight {unknown}
 n - 2 potions of experience {unknown}
 p - a potion of brilliance {unknown}
 q - a potion of ambrosia {unknown}
 r - a potion of degeneration {unknown}
Books
 b - a book of Changes

   Spells                             Type                      Level
   a - Beastly Appendage              Transmutation                1
   b - Sticks to Snakes               Transmutation                2
   c - Spider Form                    Transmutation/Poison         3
   d - Ice Form                       Ice/Transmutation            4
   e - Blade Hands                    Transmutation                5
 k - a book of Cantrips

   Spells                             Type                      Level
   a - Confusing Touch                Hexes                        1
   b - Animate Skeleton               Necromancy                   1
   c - Summon Small Mammal            Summoning                    1
   d - Apportation                    Translocation                1
Comestibles
 c - 8 rations


   Skills:
 - Level 1.0 Fighting
 - Level 2.0 Dodging
 * Level 6.1 Unarmed Combat
 - Level 2.0 Spellcasting
 + Level 4.1 Transmutations


You had 8 spell levels left.
You knew the following spells:

 Your Spells              Type           Power        Failure   Level  Hunger
a - Beastly Appendage     Tmut           ##....       26%         1    #......


Dungeon Overview and Level Annotations

Branches:
Dungeon (5/15)             Temple (0/1) D:4

Altars:
Ashenzari
Gozag
Makhleb
Nemelex Xobeh

Shops:
D:2 *   D:4 ?

Annotations:
D:3 Sigmund
D:5 Dowan


Innate Abilities, Weirdness & Mutations

You cannot wear most types of armour.
You are very stealthy in the water. (Stealth+)
You are amphibious.
You can wear up to eight rings at the same time.
You can use your tentacles to constrict eight enemies at once.
Your skin changes colour to match your surroundings (Stealth+).
Your rubbery body absorbs attacks. (AC +1, EV +1)
One of your tentacles bears a large vicious spike.
You are clumsy. (Dex -2)
You passively map a small area around you.


Message History

You hear the rusting of a very distant drain.
You feel better. The jelly hits you.
You are splashed with acid!
The acid burns!
* * * LOW HITPOINT WARNING * * *
Items here: )) [[ † an uncursed dagger; a cursed dagger; an uncursed robe an uncursed leather armour; an orc corpse
Things that are here:
an uncursed dagger; an orc corpse You hear the brisk rusting of a very distant drain.
There is a stone staircase leading up here.
Casting: Beastly Appendage
Confirm with . or Enter, or press ? or * to list all spells.
One of your tentacles grows a vicious spike.
The jelly hits you.
* * * LOW HITPOINT WARNING * * *
The acid corrodes you!
You are splashed with acid!
The acid burns!
* * * LOW HITPOINT WARNING * * *
You tentacle-slap the jelly.
Your tentacles burn!
You die...

*,#.#.# #.# #.#.# #.# *
#.#.# #.## * #.#.# #...
,#...######################
*
#...................))....
#.########################
* #.######### , #.......J@#
#.######### ###


You could see a jelly.

Vanquished Creatures
  A hound (D:4)
  An orc priest (D:5)
  An orc wizard (D:5)
  An iguana (D:4)
  A worker ant (D:5)
  Robin (D:3)
  3 gnolls (D:2)
  6 adders
  An ooze (D:1)
  3 worms
  3 leopard geckos
  3 orcs
  4 bats
  6 giant cockroaches
  19 goblins
  11 hobgoblins
  2 quokkas
  2 ball pythons
  5 frilled lizards
  11 kobolds
  6 rats
91 creatures vanquished.

Notes
Turn   | Place    | Note
-------+----------+-------------------------------------------
     0 | D:1      | diana the Octopode Transmuter began the quest for the Orb.
     0 | D:1      | Reached XP level 1. HP: 13/13 MP: 3/3
   342 | D:1      | Reached XP level 2. HP: 16/18 MP: 5/5
   660 | D:1      | Reached XP level 3. HP: 19/23 MP: 6/6
  1461 | D:2      | Found an opulent altar of Gozag.
  1463 | D:2      | Found Gozag's Platinum Reserve.
  1493 | D:2      | Reached skill level 4 in Unarmed Combat
  1509 | D:2      | Reached XP level 4. HP: 20/28 MP: 7/7
  1787 | D:2      | Found a shattered altar of Ashenzari.
  1813 | D:2      | Became a worshipper of Ashenzari the Shackled
  2613 | D:2      | Reached XP level 5. HP: 33/33 MP: 6/8
  2689 | D:2      | Found a burning altar of Makhleb.
  3142 | D:3      | Gained mutation: You are clumsy. (Dex -2) [potion of mutation]
  3142 | D:3      | Gained mutation: You can translocate small distances at will. [potion of mutation]
  3152 | D:3      | Reached skill level 5 in Unarmed Combat
  3426 | D:3      | Noticed Sigmund
  3677 | D:3      | Reached * piety under Ashenzari
  3705 | D:3      | Noticed Robin
  3716 | D:3      | Killed Robin
  3747 | D:3      | Lost mutation: You are clumsy. (Dex -2) [potion of mutation]
  3747 | D:3      | Lost mutation: You can translocate small distances at will. [potion of mutation]
  3747 | D:3      | Gained mutation: You are clumsy. (Dex -2) [potion of mutation]
  3747 | D:3      | Gained mutation: You passively map a small area around you. [potion of mutation]
  3997 | D:4      | Found a staircase to the Ecumenical Temple.
  4171 | D:4      | Found Jeilemi's Magic Scroll Shop.
  4289 | D:4      | Found a sparkling altar of Nemelex Xobeh.
  4294 | D:4      | Reached XP level 6. HP: 21/38 MP: 9/9
  4818 | D:5      | Entered Level 5 of the Dungeon
  4818 | D:5      | Noticed Dowan
  5032 | D:5      | Reached skill level 6 in Unarmed Combat
  5160 | D:5      | HP: 1/38 [acid (8)]
  5161 | D:5      | Splashed by a jelly's acid

Skill      XL: |  1  2  3  4  5  6 |
---------------+-------------------+-----
Unarmed Combat | 4 5 6 |  6.1
Transmutations | 3 4 |  4.1
Fighting       | |  1.0
Dodging        | |  2.0
Spellcasting   | |  2.0

Action                   |  1- 3 |  4- 6 || total
-------------------------+-------+-------++-------
Melee: Unarmed           |    53 |   157 ||   210
       Constrict         |    16 |    45 ||    61
       Kick              |     9 |    14 ||    23
       Tentacles         |    11 |    30 ||    41
       Punch             |       |     3 ||     3
 Cast: Beastly Appendage |     8 |    15 ||    23
  Use: Potion            |       |     6 ||     6
       Scroll            |       |     5 ||     5
 Stab: Sleeping          |     4 |     9 ||    13
  Eat: Chunk             |     2 |    11 ||    13
Armor: Skin              |     3 |     7 ||    10
Dodge: Dodged            |    15 |    58 ||    73
Block: Shield            |     5 |    48 ||    53
